AoeStats
← ĐẠI ĐÔ ĐỐC MẠNH ĐẠT

Arabia

520056780Analyzed
1v1 RM · 4d ago on Nov 10, 2026· 21m 52s· 2 players
Game mode
Random Map
Map size
Tiny (2 player)
Population
200
Speed
Normal
Resources
Standard
Victory
Conquest
Starting age
Dark Age
Ending age
Imperial Age
RankedLock teamsTeams togetherTeam positionsShared explorationLock speedFull tech treeHidden civsTurbo modeCheats
Victory
Defeat
1811
+19
vs
🇲🇽 Wei · Mexico
1878
-19
ĐẠI ĐÔ ĐỐC MẠNH ĐẠT
6:25 Loom
8:58 Feudal Age
9:46 Double-Bit Axe
12:08 Fletching
17:20 Padded Archer Armor
21:44 Castle Age
21:51 Elite Skirmisher
Ux'BlueUltra
6:47 Loom
8:50 Feudal Age
9:25 Double-Bit Axe
15:27 Horse Collar
17:34 Fletching
19:11 Padded Archer Armor
20:41 Wheelbarrow
Connection lost

Rejoining the realm…

Still unreachable

The connection could not be restored.

Session expired

The server has moved on; the page needs a fresh start.